 Dungeon Crawl Stone Soup version 0.30-a0-1163-gf69bf04e7a (webtiles) character file.

Game seed: 2891169474430175326

9124 ytrimaz the Carver (level 11, 0/72 HPs)
             Began as a Demonspawn Gladiator on Apr 28, 2023.
             Slain by a gargoyle
             ... wielding a +0 morningstar
              (15 damage)
             ... on level 10 of the Dungeon.
             The game lasted 00:10:34 (7333 turns).

ytrimaz the Carver (Demonspawn Gladiator)           Turns: 7333, Time: 00:10:35

Health: 0/72       AC: 18    Str: 15    XL:     11   Next: 18%
Magic:  0/11       EV:  4    Int: 14    God:
Gold:   595        SH:  0    Dex: 18    Spells: 10/10 levels left

rFire   + . .        a - +1 long sword (heavy)
rCold   + . .        (no shield)
rNeg    + . .        b - +2 gold dragon scales of Gaadul {rPois rF+ rC+ Int+4 SInv}
rPois   +            c - +0 helmet
rElec   .            (no cloak)
rCorr   +            g - +2 pair of gloves
SInv    +            (no boots)
Will    .....        k - amulet of regeneration Stlth
                     n - ring of positive energy
HPRegen 1.12/turn    u - ring of resist corrosion
MPRegen 0.24/turn

%: guardian spirit
@: no status effects
A: hooves 2, ignite blood 2, magic shield, magic regeneration, sturdy frame 1
a: no special abilities


You were on level 10 of the Dungeon.
You visited 2 branches of the dungeon, and saw 11 of its levels.
You also visited: Bailey.

You collected 595 gold pieces.


Innate Abilities, Weirdness & Mutations

You have hoof-like feet.
Your demonic aura often causes spilled blood to erupt in flames.
When hurt, damage is shared between your health and your magic reserves.
You regenerate magic rapidly.
Your movements are slightly less encumbered by armour. (ER -2)


   Skills:
 - Level 2.0 Fighting
 * Level 13.3 Long Blades
 - Level 1.7 Throwing
 + Level 9.7 Dodging


You had 10 spell levels left.
You didn't know any spells.
Your spell library contained the following spells:

 Spells                   Type           Power      Damage    Failure   Level
 Foxfire                  Conj/Fire      0%         2x1d4     100%        1
 Magic Dart               Conj           0%         1d3       100%        1
 Sting                    Tmut/Pois      0%         1d3       100%        1
 Call Imp                 Summ           0%         N/A       100%        2
 Poisonous Vapours        Pois/Air       0%         N/A       100%        2
 Dazzling Flash           Conj/Hex       0%         N/A       100%        3
 Mephitic Cloud           Conj/Pois/Air  0%         N/A       100%        3
 Volatile Blastmotes      Fire/Tloc      0%         2d10      100%        3
 Iskenderun's Mystic Bla  Conj/Tloc      0%         2d3       100%        4
 Olgreb's Toxic Radiance  Pois           0%         N/A       100%        4
 Fireball                 Conj/Fire      0%         3d3       100%        5
 Plasma Beam              Fire/Air       0%         2x1d11    100%        6
 Starburst                Conj/Fire      0%         6d3       100%        6
 Fire Storm               Conj/Fire      0%         5d1       100%        9

Inventory:

Hand Weapons
 a - a +1 heavy long sword (weapon)
 j - the +5 mace of the Puffball {heavy, rF+ Str+4}
   (You found it in a bailey)

   Str:       It affects your strength (+4).
   rF:        It protects you from fire.
 v - a +0 rapier of speed
   (You took it off Eustachio on level 6 of the Dungeon)
 z - a +0 scimitar
   (You took it off Maggie on level 7 of the Dungeon)
Missiles
 d - 4 throwing nets
 e - a javelin
Armour
 b - the +2 gold dragon scales of Gaadul (worn) {rPois rF+ rC+ Int+4 SInv}
   (You found it in a bailey)

   Int:       It affects your intelligence (+4).
   rF:        It protects you from fire.
   rC:        It protects you from cold.
   rPois:     It protects you from poison.
   SInv:      It lets you see invisible.
 c - a +0 helmet (worn)
 g - a +2 pair of gloves (worn)
   (You found it on level 1 of the Dungeon)
 w - a +0 plate armour
   (You took it off an orc warrior on level 8 of the Dungeon)
 y - +0 steam dragon scales
   (You took it off Maggie on level 7 of the Dungeon)
Jewellery
 k - an amulet of regeneration (around neck)
   (You found it on level 2 of the Dungeon)
 m - an amulet of faith
   (You found it on level 2 of the Dungeon)
 n - a ring of positive energy (left hand)
   (You found it on level 2 of the Dungeon)
 u - a ring of resist corrosion (right hand)
   (You found it on level 3 of the Dungeon)
 x - an amulet of magic regeneration
   (You found it on level 8 of the Dungeon)
Wands
 B - a wand of polymorph (2) (quivered)
   (You found it on level 9 of the Dungeon)
Scrolls
 l - 3 scrolls of amnesia
 o - 4 scrolls of teleportation
 q - a scroll of enchant armour
 r - a scroll of enchant weapon
 t - 3 scrolls of noise
 C - a scroll of fog
Potions
 h - a potion of haste
 i - 3 potions of degeneration
 p - a potion of lignification
 s - 2 potions of magic
 A - 2 potions of mutation
 D - a potion of flight {unknown}

Dungeon Overview and Level Annotations

Branches:
Dungeon (10/15) Zot: 26462  Temple (1/1) D:7 Zot: 5863    Lair (0/5) D:10
 Bailey (visited)
    Orc: D:9-12

Altars:
Ashenzari
Cheibriados
Dithmenos
Fedhas
Gozag
Hepliaklqana
Kikubaaqudgha
Makhleb
Nemelex Xobeh
Okawaru
Qazlal
Ru
Sif Muna
Trog
Uskayaw
Vehumet
Wu Jian
Xom
Yredelemnul

.≈≈≈~≈~~♣♣#
#.#**#####.#.#.......
.~≈≈≈~≈~♣ #.#
#.....#.#.#.#.##
.~)K≈~♣♣♣ #.#
#.###*#.#.#.#.#
.P)~K~♣ #.# #.#
#.#.#.#.# .~P~~♣♣**
#9# #.# #.#.....#
.~P~~♣*,* #.# #.#
#.###.### .~~~♣♣*,*
#.# #.# #.# #.# .~~P*
*,* #.####.#####.#
#.# ,~~~* *,*
#.K9@........###.#
,~*****,*
######...........#
,,>,,,,,*
###########.#
,,******* #.# *** ###


You could see a gargoyle and a kobold brigand.


Message History

Your unstable footing causes you to fumble your attack.
A nearby plant withers and dies.
The electric eel shoots out a bolt of lightning at you!
The bolt of electricity hits you! 😮 HP[-12] MP[-1]
You take 12 damage, and now have 45/72 hp.
You lost 1 mp, and now have 7/11 mp.
A nearby plant withers and dies. x2
The electric eel shoots out a bolt of lightning at you!
The bolt of electricity hits the kobold!
The kobold dies!
You hear a splash. x2
The bolt of electricity misses you.
The electric eel shoots out a bolt of lightning at you!
The bolt of electricity hits you but does no damage.
The electric eel shoots out a bolt of lightning at you!
The bolt of electricity hits you.
Unknown command.
A nearby plant withers and dies. 😮 HP[-1]
You take 1 damage, and now have 44/72 hp.
The gargoyle attacks as you move away!
The gargoyle hits you but does no damage.
The kobold brigand throws a curare-tipped dart.
The curare-tipped dart barely misses you.
The gargoyle hits you with a +0 morningstar. 😮 HP[-3] MP[+1]
You take 3 damage, and now have 41/72 hp.
The gargoyle attacks as you move away!
The gargoyle hits you with a +0 morningstar!
* * * LOW HITPOINT WARNING * * *
The kobold brigand throws a curare-tipped dart.
The curare-tipped dart hits you.
The gargoyle hits you but does no damage.
The kobold brigand throws a curare-tipped dart.
The curare-tipped dart hits you. 😨 HP[-6] MP[-2]
You take 6 damage, and now have 35/72 hp.
You lost 2 mp, and now have 6/11 mp.
The gargoyle attacks as you move away!
The gargoyle hits you but does no damage.
The gargoyle hurls a stone arrow at you.
The stone arrow hits you!!
* * * LOW HITPOINT WARNING * * *
😨 HP[-14] MP[-2]
You take 14 damage, and now have 21/72 hp.
You lost 2 mp, and now have 4/11 mp.
The gargoyle hurls a stone arrow at you.
The stone arrow hits you!
* * * LOW HITPOINT WARNING * * *
😱 HP[-13] MP[-2]
You take 13 damage, and now have 8/72 hp.
You lost 2 mp, and now have 2/11 mp.
Unknown command. 😱 HP[+1]
The gargoyle hurls a stone arrow at you.
The stone arrow hits you!
* * * LOW HITPOINT WARNING * * *
😱 HP[-5] MP[-1]
You take 5 damage, and now have 4/72 hp.
You lost 1 mp, and now have 1/11 mp.
Unknown command. 😱 HP[+1] 😱 HP[+1] MP[+1]
You feel better. 😱 HP[+12]
You regained 12 hp, and now have 18/72 hp. 😨 HP[+1] 😨 HP[+1] 😨 HP[+1] MP[+1] 😨 HP[+1] 😨 HP[+1] 😨 HP[+1] 😨 HP[+1] MP[+1] 😨 HP[+1] 😨 HP[+2]
You regained 2 hp, and now have 28/72 hp. 😨 HP[+1] 😨 HP[+1] MP[+1] 😨 HP[+1] 😨 HP[+1]
The gargoyle hurls a stone arrow at you.
The stone arrow hits you!
* * * LOW HITPOINT WARNING * * *
😨 HP[-8] MP[-2]
You take 8 damage, and now have 24/72 hp.
You lost 2 mp, and now have 3/11 mp. 😨 HP[+1] MP[+1]
You hit the gargoyle.
You kick the gargoyle, but do no damage.
The gargoyle hits you but does no damage. 😨 HP[+2]
You regained 2 hp, and now have 27/72 hp.
Unknown command.
You barely miss the gargoyle.
You kick the gargoyle, but do no damage.
The gargoyle hits you with a +0 morningstar!
* * * LOW HITPOINT WARNING * * *
The gargoyle hits you with a +0 morningstar!
You die...

Skill      XL: |  1  2  3  4  5  6  7  8  9 10 |
---------------+-------------------------------+-----
Long Blades    | 3 4 5 6 7 9 11 13 | 13.3
Dodging        | 3 4 5 6 8 9 |  9.7
Fighting       | |  2.0
Throwing       | |  1.7

Action                     |  1- 3 |  4- 6 |  7- 9 | 10-12 || total
---------------------------+-------+-------+-------+-------++-------
  Melee: Long sword        |    63 |   168 |   249 |   221 ||   701
         Kick              |       |    29 |    59 |    67 ||   155
         Punch             |       |     1 |     2 |     3 ||     6
  Evoke: Wand              |       |       |       |     3 ||     3
    Use: Scroll            |       |    10 |     8 |     2 ||    20
         Potion            |       |     1 |     3 |     6 ||    10
   Stab: Sleeping          |       |     2 |     1 |       ||     3
 Armour: Leather armour    |    36 |    96 |    80 |       ||   212
         Steam dragon scal |       |       |    20 |    71 ||    91
         Skin              |       |       |    11 |       ||    11
         Gold dragon scale |       |       |       |    43 ||    43
  Dodge: Dodged            |    43 |   173 |   314 |   275 ||   805

Levels and vault maps discovered:
D:1:      ebering_trefoil_3fold, layout_basic
D:2:      layout_basic, ebering_ecumenical_altar_ruins, minmay_tromino_v2,
          uniq_jessica, uniq_natasha
D:3:      layout_rooms, minmay_misc_feat_secret_circle
D:4:      layout_basic, hangedman_abyss_or_decor_stabs
D:5:      layout_cave_pools, uniq_menkaure
D:6:      layout_cave_pools, xom_confusion_cloud,
          nicolae_overflow_hallway_of_the_gods, kennysheep_mini, uniq_eustachio
D:7:      layout_loops_ring, minmay_temple_entry_gardened_gates,
          serial_bayou_pond_b, uniq_maggie, uniq_duvessa
D:8:      layout_basic, zin_treasury, kennysheep_generic_room_11
D:9:      layout_roguey, dk_rats_in_the_wall
D:10:     layout_basic, nemelex_xobeh_ov_fountains_minmay,
          hellmonk_lair_entry_icy, enter_bailey_5, minmay_door_square,
          serial_bayou_lagoon_b, uniq_harold
Temple:   hc_temple_tempest_star

Notes
Turn   | Place    | Note
-------+----------+-------------------------------------------
     0 | D:1      | ytrimaz the Demonspawn Gladiator began the quest for the
                  | Orb.
     0 | D:1      | Reached XP level 1. HP: 16/16 MP: 1/1
     0 | D:1      | magus.rc [v1.9.6]
   228 | D:1      | Reached skill level 3 in Long Blades
   259 | D:1      | Gained mutation: You regenerate magic rapidly. [demonic
                  | ancestry]
   259 | D:1      | Reached XP level 2. HP: 19/22 MP: 2/2
   387 | D:1      | Reached skill level 3 in Dodging
   713 | D:2      | Noticed Natasha
   725 | D:2      | Killed Natasha
   726 | D:2      | Gained mutation: When hurt, damage is shared between your
                  | health and your magic reserves. [demonic ancestry]
   726 | D:2      | Reached XP level 3. HP: 16/27 MP: 3/3
   882 | D:2      | Reached skill level 4 in Long Blades
   908 | D:2      | Reached XP level 4. HP: 33/33 MP: 4/4
   953 | D:2      | Noticed Natasha
   962 | D:2      | Killed Natasha
  1097 | D:2      | You pick up a book of Minor Magic and begin reading...
  1097 | D:2      | You add the spells Magic Dart, Call Imp and Mephitic Cloud
                  | to your library.
  1232 | D:2      | Found a faded altar of an unknown god.
  1415 | D:2      | Noticed Jessica
  1435 | D:2      | Killed Jessica
  1436 | D:2      | Gained mutation: You have large cloven feet. [demonic
                  | ancestry]
  1436 | D:2      | Reached XP level 5. HP: 38/38 MP: 3/5
  1643 | D:3      | Reached skill level 5 in Long Blades
  1706 | D:3      | Reached skill level 4 in Dodging
  2071 | D:4      | Reached XP level 6. HP: 39/44 MP: 3/6
  2170 | D:4      | You add the spells Fireball, Plasma Beam and Fire Storm to
                  | your library.
  2170 | D:4      | Got the Elucidation of Pyromania
  2366 | D:4      | HP: 9/44 [orc/+0 hand axe (3)]
  2458 | D:4      | Reached skill level 6 in Long Blades
  2468 | D:4      | Gained mutation: Your demonic aura sometimes causes spilled
                  | blood to erupt in flames. [demonic ancestry]
  2468 | D:4      | Reached XP level 7. HP: 50/50 MP: 7/7
  2773 | D:5      | Entered Level 5 of the Dungeon
  2780 | D:5      | You add the spells Sting, Poisonous Vapours and Olgreb's
                  | Toxic Radiance to your library.
  2804 | D:5      | Noticed Menkaure
  2816 | D:5      | Killed Menkaure
  2872 | D:5      | Reached skill level 5 in Dodging
  2948 | D:5      | Reached skill level 7 in Long Blades
  3290 | D:6      | Gained mutation: Your movements are slightly less
                  | encumbered by armour. (ER -2) [demonic ancestry]
  3290 | D:6      | Reached XP level 8. HP: 50/56 MP: 5/8
  3309 | D:6      | Identified the +10 trident "Fidgh" {vamp, Dex+4 Stlth+}
  3329 | D:6      | Found a shimmering altar of Xom.
  3383 | D:6      | Reached skill level 8 in Long Blades
  3389 | D:6      | Found a hazy altar of Hepliaklqana.
  3389 | D:6      | Found a broken altar of Ashenzari.
  3395 | D:6      | Found a snail-covered altar of Cheibriados.
  3400 | D:6      | Found a blossoming altar of Fedhas.
  3402 | D:6      | Found a burning altar of Makhleb.
  3407 | D:6      | Found a radiant altar of Vehumet.
  3416 | D:6      | Reached skill level 6 in Dodging
  3601 | D:6      | Found a shadowy altar of Dithmenos.
  3625 | D:6      | Reached skill level 9 in Long Blades
  3631 | D:6      | Noticed Eustachio
  3662 | D:6      | Killed Eustachio
  3663 | D:6      | Gained mutation: You have hoof-like feet. [demonic
                  | ancestry]
  3663 | D:6      | Reached XP level 9. HP: 26/61 MP: 5/9
  3978 | D:7      | Reached skill level 7 in Dodging
  4210 | D:7      | Noticed Maggie
  4223 | D:7      | Killed Maggie
  4224 | D:7      | Reached skill level 10 in Long Blades
  4292 | D:7      | Found a staircase to the Ecumenical Temple.
  4441 | Temple   | Entered the Ecumenical Temple
  4642 | D:7      | Noticed Duvessa
  4644 | D:7      | Noticed Dowan
  4661 | D:7      | Killed Duvessa
  4667 | D:7      | Killed Dowan
  4763 | D:7      | Reached skill level 11 in Long Blades
  4763 | D:7      | Reached skill level 8 in Dodging
  5115 | D:8      | Reached XP level 10. HP: 61/67 MP: 8/10
  5597 | D:8      | You pick up a book of Fire and begin reading...
  5597 | D:8      | You add the spells Foxfire and Starburst to your library.
  5894 | D:9      | Noticed a deep elf pyromancer
  5917 | D:9      | Killed a deep elf pyromancer
  5918 | D:9      | Reached skill level 12 in Long Blades
  5969 | D:9      | You pick up a book of Spectacle and begin reading...
  5969 | D:9      | You add the spells Volatile Blastmotes, Dazzling Flash and
                  | Iskenderun's Mystic Blast to your library.
  6262 | D:9      | Reached skill level 9 in Dodging
  6401 | D:10     | Entered Level 10 of the Dungeon
  6401 | D:10     | Found a sparkling altar of Nemelex Xobeh.
  6418 | D:10     | Noticed Harold
  6473 | D:9      | Killed Harold
  6560 | D:10     | Found a flagged portal.
  6578 | Bailey   | Entered a bailey
  6708 | Bailey   | Noticed an orc knight
  6735 | Bailey   | an orc knight changed into a lindwurm
  6735 | Bailey   | Noticed a lindwurm
  6738 | Bailey   | HP: 16/67 [lindwurm (6)]
  6739 | Bailey   | HP: 6/67 [lindwurm (11)]
  6740 | Bailey   | Killed a lindwurm
  6741 | Bailey   | Reached skill level 13 in Long Blades
  6741 | Bailey   | Gained mutation: Your demonic aura often causes spilled
                  | blood to erupt in flames. [demonic ancestry]
  6741 | Bailey   | Reached XP level 11. HP: 6/72 MP: 1/11
  6834 | Bailey   | Noticed an orc knight
  6837 | Bailey   | an orc knight changed into a redback
  6924 | Bailey   | Identified the +5 mace of the Puffball {heavy, rF+ Str+4}
  6925 | Bailey   | Identified the +2 gold dragon scales of Gaadul {rPois rF+
                  | rC+ Int+4 SInv}
  6929 | Bailey   | Identified the -2 pair of boots of Joyrux {-Tele Will++
                  | Dex+5}
  7216 | D:10     | Found a staircase to the Lair.
  7311 | D:10     | HP: 8/72 [gargoyle/stone arrow (14)]
  7333 | D:10     | HP: 15/72 [gargoyle/+0 morningstar (13)]
  7333 | D:10     | Slain by a gargoyle

Vanquished Creatures
  Harold (D:9)
  A lindwurm (Bailey)
  A deep elf pyromancer (D:9)
  Maggie (D:7)
  A rime drake (D:10)
  A troll (D:10)
  A hornet (D:9)
  3 yaks (D:9)
  A wyvern (D:7)
  Eustachio (D:6)
  5 steam dragons
  A redback (Bailey)
  Menkaure (D:5)
  An acid dragon (D:10)
  3 water moccasins
  Duvessa (D:7)
  6 orc warriors
  A sky beast (D:7)
  7 ice beasts
  2 black bears
  An ogre (D:7)
  4 centaurs
  2 wolves (D:10)
  2 phantoms
  3 kobold brigands
  3 bullfrogs
  3 scorpions
  4 wights
  Dowan (D:7)
  2 howler monkeys
  6 jellies
  4 gnoll boudas
  5 hounds
  3 orc priests
  7 iguanas
  Jessica (D:2)
  Natasha (twice) (D:2)
  11 orc wizards
  21 gnolls
  7 adders
  2 shadow imps
  4 ufetubi
  2 worms
  A dart slug (D:1)
  37 orcs
  5 endoplasms
  13 goblins
  5 hobgoblins
  2 jackals (D:3)
  4 quokkas
  11 ball pythons
  6 bats
  24 kobolds
  2 rats (D:3)
250 creatures vanquished.

Vanquished Creatures (others)
  3 kobolds (D:10)
  16 plants
19 creatures vanquished.

Grand Total: 269 creatures vanquished

Table legend:
 A = Non-vault XP
 B = Vault XP
 C = Vault XP percentage of total XP
 D = Non-vault monster count
 E = Vault monster count
 F = Vault count percentage of total count
                 A         B        C        D         E       F
            +---------+---------+-------+---------+---------+-------
      Total |    7820 |    5215 |  40.0 |     195 |      55 |  22.0
            +---------+---------+-------+---------+---------+-------
        D:1 |      25 |       0 |   0.0 |      13 |       0 |   0.0
        D:2 |     131 |      76 |  36.7 |      18 |       4 |  18.2
        D:3 |     106 |       0 |   0.0 |      21 |       0 |   0.0
        D:4 |     413 |       0 |   0.0 |      22 |       0 |   0.0
        D:5 |     462 |     172 |  27.1 |      11 |       1 |   8.3
        D:6 |    1157 |     492 |  29.8 |      16 |      11 |  40.7
        D:7 |    1321 |     845 |  39.0 |      36 |       6 |  14.3
        D:8 |    1515 |      90 |   5.6 |      33 |       1 |   2.9
        D:9 |    1956 |    1128 |  36.6 |      19 |       3 |  13.6
       D:10 |     734 |    1006 |  57.8 |       6 |      10 |  62.5
     Bailey |       0 |    1406 | 100.0 |       0 |      19 | 100.0
            +---------+---------+-------+---------+---------+-------

Skill      XL: |  1  2  3  4  5  6  7  8  9 10 |
---------------+-------------------------------+-----
Long Blades    | 3 4 5 6 7 9 11 13 | 13.3
Dodging        | 3 4 5 6 8 9 |  9.7
Fighting       | |  2.0
Throwing       | |  1.7

Action                     |  1- 3 |  4- 6 |  7- 9 | 10-12 || total
---------------------------+-------+-------+-------+-------++-------
  Melee: Long sword        |    63 |   168 |   249 |   221 ||   701
         Kick              |       |    29 |    59 |    67 ||   155
         Punch             |       |     1 |     2 |     3 ||     6
  Evoke: Wand              |       |       |       |     3 ||     3
    Use: Scroll            |       |    10 |     8 |     2 ||    20
         Potion            |       |     1 |     3 |     6 ||    10
   Stab: Sleeping          |       |     2 |     1 |       ||     3
 Armour: Leather armour    |    36 |    96 |    80 |       ||   212
         Steam dragon scal |       |       |    20 |    71 ||    91
         Skin              |       |       |    11 |       ||    11
         Gold dragon scale |       |       |       |    43 ||    43
  Dodge: Dodged            |    43 |   173 |   314 |   275 ||   805

Illustrated notes

Table legend:
 A = Kills in this place as a percentage of kills in the entire game.
 B = Kills by you in this place as a percentage of kills by you in the entire game.
 C = Kills by friends in this place as a percentage of kills by friends in the entire game.
 D = Other kills in this place as a percentage of other kills in the entire game.
 E = Experience gained in this place as a percentage of experience gained in the entire game.
 F = Experience gained in this place divided by the number of levels of this place that you have seen.
                   A       B       C       D       E      F
               +-------+-------+-------+-------+-------+----------------------
         Total | 100.0 | 100.0 |   N/A |   N/A | 100.0 | 1086.2
       Dungeon |  92.4 |  92.4 |   N/A |   N/A |  89.2 | 1162.9
        Bailey |   7.6 |   7.6 |   N/A |   N/A |  10.8 | 1406.0
               +-------+-------+-------+-------+-------+----------------------

Table legend: (Time is in decaauts)
 A = Elapsed time spent in this place.
 B = Non-inter-level travel time spent in this place.
 C = Inter-level travel time spent in this place.
 D = Time resting spent in this place.
 E = Time spent auto-exploring this place.
 F = Levels seen in this place.
 G = Mean time per level.
                   A        B        C        D        E       F      G
               +--------+--------+--------+--------+--------+-----+--------+
         Total |   7582 |   7342 |    240 |    354 |   4902 |  12 |  631.8 |
       Dungeon |   7033 |   6813 |    220 |    256 |   4679 |  10 |  703.3 |
        Temple |    137 |    117 |     20 |      0 |    104 |   1 |  137.0 |
        Bailey |    412 |    412 |      0 |     98 |    118 |   1 |  412.0 |
               +--------+--------+--------+--------+--------+-----+--------+

Top non-repeatable levels by time:
     D:7: 961 daAuts
     D:9: 888 daAuts
     D:2: 861 daAuts
     D:8: 790 daAuts
     D:4: 788 daAuts
     D:1: 720 daAuts
     D:6: 703 daAuts
     D:5: 506 daAuts
     D:3: 492 daAuts
  Bailey: 412 daAuts
    D:10: 319 daAuts
  Temple: 137 daAuts
